 Dungeon Crawl Stone Soup version 0.28.0-1-gb440e238dd (webtiles) character file.

Game seed: 4981927266025667000

526 zeram the Covered (level 7, -4/44 HPs)
             Began as a Gargoyle Fighter on Feb 27, 2022.
             Was an Initiate of Qazlal.
             Killed from afar by an orc wizard (6 damage)
             ... with a puff of flame
             ... on level 5 of the Dungeon.
             The game lasted 00:04:26 (5538 turns).

zeram the Covered (Gargoyle Fighter)                Turns: 5538, Time: 00:04:27

Health: -4/44      AC: 19    Str: 22    XL:     7   Next: 23%
Magic:  7/7        EV:  6    Int:  8    God:    Qazlal [......]
Gold:   286        SH:  5    Dex:  9    Spells: 6/6 levels left

rFire   . . .      SeeInvis .   a - +0 flail
rCold   . . .      Faith    .   c - +1 buckler
rNeg    + . .      Spirit   .   e - +0 plate armour
rPois   ∞          Reflect  .   (no helmet)
rElec   +          Harm     .   l - +1 cloak {rCorr}
rCorr   +          Rampage  .   (no gloves)
Will    .....                   (no boots)
Stlth   ..........              (no amulet)
HPRegen 0.14/turn               g - ring of resist corrosion
MPRegen 0.10/turn               (no ring)

@: no status effects
A: sickness immunity, AC +4, negative energy resistance 1, electricity
resistance, torment resistance 1, petrification resistance
a: Renounce Religion


You were on level 5 of the Dungeon.
You worshipped Qazlal.
Qazlal was noncommittal.
You visited 2 branches of the dungeon, and saw 6 of its levels.

You collected 286 gold pieces.

Inventory:

Hand Weapons
 a - a +0 flail (weapon)
Armour
 b - a +0 scale mail
 c - a +1 buckler (worn)
 e - a +0 plate armour (worn)
 l - a +1 cloak of preservation (worn)
Jewellery
 g - a ring of resist corrosion (left hand)
Scrolls
 d - a scroll of vulnerability {unknown}
 k - a scroll of teleportation
Potions
 h - a potion of magic
 j - 2 potions of mutation
 n - a potion of brilliance


   Skills:
 + Level 4.6 Fighting
 + Level 5.0 Maces & Flails
 + Level 5.3 Armour
 + Level 0.1 Dodging
 + Level 4.5 Shields


You had 6 spell levels left.
You didn't know any spells.
Your spell library contained the following spells:

 Spells                   Type           Power      Damage    Failure   Level
 Corpse Rot               Necr/Air       0%         N/A       100%        2
 Wereblood                Tmut           0%         N/A       100%        2
 Dispel Undead            Necr           0%         3d6       100%        4
 Death Channel            Necr           0%         N/A       100%        6
 Summon Hydra             Summ           0%         N/A       100%        7
 Sublimation of Blood     Necr           Unusable   N/A       N/A         2

Dungeon Overview and Level Annotations

Branches:
Dungeon (5/15)             Temple (1/1) D:4

Altars:
Ashenzari
Cheibriados
Dithmenos
Gozag
Hepliaklqana
Kikubaaqudgha
Makhleb
Qazlal
Ru
Sif Muna
Uskayaw
Vehumet
Wu Jian
Xom
Zin
The Shining One

Annotations:
D:4 Dowan, Duvessa


Innate Abilities, Weirdness & Mutations

You are immune to sickness and miasma.
Your stone body is resilient. (AC +4)
You are immune to poison.
You resist negative energy. (rN+)
You are resistant to electric shocks. (rElec)
You are resistant to unholy torment.
You are immune to petrification.


Message History

You sock the orc!
You kill the orc!
Qazlal accepts your kill.
You barely miss the orc. The orc barely misses you.
The orc hits you but does no damage.
You hit the orc.
The orc is heavily wounded.
The orc hits you but does no damage.
You barely miss the orc.
The orc is heavily wounded.
The orc hits you but does no damage.
Unknown command.
You barely miss the orc.
The orc is heavily wounded.
The orc hits you but does no damage.
You sock the orc!
You kill the orc!
Qazlal accepts your kill.
The orc priest calls down the wrath of Beogh upon you.
You struggle to resist.
You closely miss something. Something hits you but does no damage.
You sock something!
You hear some strange, mumbled words.
A puff of flame appears from out of thin air!
The puff of flame hits you!
The orc priest mumbles some strange prayers to Beogh against you.
Beogh smites you!
* * * LOW HITPOINT WARNING * * *
You hear some strange, mumbled words.
A puff of flame appears from out of thin air!
The puff of flame hits you!
* * * LOW HITPOINT WARNING * * *
The orc priest invokes the aid of Beogh against you.
A magic dart appears from out of thin air!
The magic dart hits you but does no damage.
A magic dart appears from out of thin air!
The magic dart hits you but does no damage.
A puff of flame appears from out of thin air!
The puff of flame hits you.
You die...

#####o#.##### #.#..#
#o##.# #o##.# #.{..#
######### ###..#######
........# #.........
#######.#######..#######
............>...@#
#######.#####.#..# ##
#......###.#
.######.#####.#..#
........# ..# .########
#### ## #


You could see an orc priest and an orc wizard.

Vanquished Creatures
  An ice beast (D:4)
  Blork the orc (D:4)
  2 scorpions
  A water moccasin skeleton (D:4)
  A hound (D:4)
  A jelly (D:5)
  Crazy Yiuf (D:3)
  2 adders
  An ufetubus (D:4)
  4 dart slugs
  9 orcs
  7 bats
  6 endoplasms
  A giant cockroach (D:1)
  8 goblins
  7 hobgoblins
  3 jackals (D:4)
  5 kobolds
  6 quokkas
  3 ball pythons
  4 frilled lizards
  4 rats
78 creatures vanquished.

Vanquished Creatures (others)
  3 toadstools (D:3)
3 creatures vanquished.

Grand Total: 81 creatures vanquished

Notes
Turn   | Place    | Note
-------+----------+-------------------------------------------
     0 | D:1      | zeram the Gargoyle Fighter began the quest for the Orb.
     0 | D:1      | Reached XP level 1. HP: 14/14 MP: 1/1
   327 | D:1      | Found a faded altar of an unknown god.
   528 | D:1      | Reached XP level 2. HP: 19/19 MP: 2/2
  1318 | D:2      | Reached XP level 3. HP: 24/24 MP: 3/3
  2428 | D:3      | Reached XP level 4. HP: 22/29 MP: 4/4
  2875 | D:3      | Found a runed translucent door.
  2876 | D:3      | Noticed Crazy Yiuf
  3137 | D:3      | Killed Crazy Yiuf
  3446 | D:4      | Found a staircase to the Ecumenical Temple.
  3562 | Temple   | Entered the Ecumenical Temple
  3662 | Temple   | Became a worshipper of Qazlal Stormbringer
  3851 | D:4      | Reached XP level 5. HP: 31/33 MP: 5/5
  3898 | D:4      | Noticed an ice beast
  3908 | D:4      | Killed an ice beast
  3909 | D:4      | Reached XP level 6. HP: 38/38 MP: 6/6
  4724 | D:4      | Noticed Blork the orc
  4743 | D:4      | Killed Blork the orc
  4744 | D:4      | Reached skill level 5 in Armour
  4876 | D:4      | Noticed Dowan
  4890 | D:4      | Noticed Duvessa
  4924 | D:5      | Entered Level 5 of the Dungeon
  5223 | D:5      | Reached XP level 7. HP: 40/44 MP: 7/7
  5364 | D:5      | Reached skill level 5 in Maces & Flails
  5529 | D:5      | HP: 1/44 [something/puff of flame (10)]
  5538 | D:5      | Killed from afar by an orc wizard

Illustrated notes

Levels and vault maps discovered:
D:1:      matt_arrival_refuge, layout_loops_ring,
          hellmonk_ecumenical_altar_lost_god, serial_aquarium,
          aquarium_bridge_straight [aquarium_subvault_bridge,
          aquarium_subvault_window, aquarium_subvault_bridge,
          aquarium_subvault_wall], aquarium_window_1, aquarium_window_corner,
          aquarium_window_corridor_2, aquarium_window_2, aquarium_view_2e,
          aquarium_balcony_3a, aquarium_pool_2
D:2:      layout_loops_ring, chequers_serial_rivers_micro_c, st_stairs_3,
          nicolae_elevator_lobby_plus
D:3:      layout_loops_ring, minmay_gold_behind_fungi, uniq_crazy_yiuf_cottage
D:4:      minmay_door_path, layout_layer_cave, minmay_temple_entry_nine_rooms,
          grunt_decor_junction, uniq_blork_the_orc, uniq_duvessa
D:5:      layout_loops_ring, minitemple, eino_curves_02,
          chequers_serial_rivers_small_a
Temple:   lightli_temple_of_artemis

Skill      XL: |  1  2  3  4  5  6  7 |
---------------+----------------------+-----
Armour         | 4 5 |  5.3
Maces & Flails | 3 4 5 |  5.0
Shields        | 4 |  4.5
Fighting       | 4 |  4.6
Dodging        | |  0.1

Action                   |  1- 3 |  4- 6 |  7- 9 || total
-------------------------+-------+-------+-------++-------
Melee: Flail             |   138 |   179 |    41 ||   358
  Use: Scroll            |     4 |     2 |       ||     6
       Potion            |       |     5 |       ||     5
Armor: Scale mail        |    20 |       |       ||    20
       Plate armour      |    91 |   181 |    29 ||   301
       Skin              |       |     2 |       ||     2
Dodge: Dodged            |    41 |    82 |     5 ||   128
Block: Buckler           |    38 |    70 |     8 ||   116
